 Dungeon Crawl Stone Soup version 0.30-a0-311-gf115ab0292 (webtiles) character file.

Game seed: 2624195958695935741

58 koil the Shooter (level 3, -1/18 HPs)
             Began as a Spriggan Hunter on Oct 25, 2022.
             Slain by a gnoll
             ... wielding a +0 flail
              (6 damage)
             ... on level 2 of the Dungeon.
             The game lasted 00:04:12 (1014 turns).

koil the Shooter (Spriggan Hunter)                  Turns: 1014, Time: 00:04:12

Health: -1/18      AC:  2    Str:  7    XL:     3   Next: 76%
Magic:  6/6        EV: 18    Int: 10    God:
Gold:   109        SH:  0    Dex: 20    Spells: 5/5 levels left

rFire   . . .      SeeInvis +    l - +0 arbalest
rCold   . . .      Faith    .    (shield currently unavailable)
rNeg    . . .      Spirit   .    i - +0 robe
rPois   .          Reflect  .    (helmet restricted)
rElec   .          Harm     .    (no cloak)
rCorr   .          Rampage  .    (gloves unavailable)
Will    .....                    (boots unavailable)
Stlth   +++.......               (no amulet)
HPRegen 0.23/turn                (no ring)
MPRegen 0.10/turn                (no ring)

@: very quick
A: very small, no large weapons, unfitting armour, see invisible, speed 3
a: no special abilities


You were on level 2 of the Dungeon.
You visited 1 branch of the dungeon, and saw 2 of its levels.

You collected 109 gold pieces.

Inventory:

Hand Weapons
 a - a +0 shortbow
 e - a +0 dagger
 l - a +0 arbalest (weapon)
Missiles
 h - 6 poisoned darts
Armour
 c - a +0 robe
 i - a +0 robe (worn)
 k - a +0 robe
Scrolls
 b - a scroll of immolation
 d - a scroll of blinking {unknown}
 f - a scroll of identify {unknown}
 g - a scroll of teleportation {unknown}
 j - a scroll of enchant armour {unknown}


   Skills:
 + Level 2.0 Fighting
 + Level 4.3 Ranged Weapons
 + Level 3.4 Dodging
 + Level 3.0 Stealth
 + Level 1.6 Spellcasting


You had 5 spell levels left.
You didn't know any spells.
Your spell library was empty.

Dungeon Overview and Level Annotations

Branches:
Dungeon (2/15)

Altars:


Innate Abilities, Weirdness & Mutations

You are very small and have problems with some larger weapons.
You are too small for most types of armour.
You have supernaturally acute eyesight. (SInv)
You cover ground extremely quickly. (Speed+++)


Message History

You hear an angry hiss.
A ball python comes into view.
You shoot a bolt. The bolt hits the gnoll!!
You kill the gnoll!
A gnoll comes into view. It is wielding a +0 spear.
Your Fighting skill increases to level 2!
You shoot a bolt.
The bolt closely misses the ball python.
The gnoll shouts!
You hear a shout!
You shoot a bolt. The bolt barely misses the ball python.
The bolt hits the gnoll!!
You kill the gnoll!
The ball python misses you.
The ball python completely misses you. x2
The ball python misses you.
Your Stealth skill increases to level 3!
You shoot a bolt. The bolt hits the ball python!!
You kill the ball python!
You hear a shout!
A gnoll comes into view. It is wielding a +0 flail.
A goblin comes into view. It is wielding a +0 dagger.
You shoot a bolt. The bolt closely misses the goblin.
The goblin shouts!
You shoot a bolt. The bolt hits the goblin.
The goblin is severely wounded.
The goblin misses you.
A gnoll comes into view. It is wielding a +0 whip.
The goblin barely misses you.
You shoot a bolt. The bolt closely misses the goblin.
The gnoll shouts!
The goblin hits you with a +0 dagger.
You shoot a bolt. The bolt barely misses the goblin.
The goblin misses you. The gnoll hits you with a +0 flail!
The goblin hits you with a +0 dagger.
* * * LOW HITPOINT WARNING * * *
The gnoll closely misses you.
You are too injured to fight recklessly!
You are too injured to fight recklessly!
You shoot a bolt. The bolt hits the goblin.
You kill the goblin!
The gnoll closely misses you. The gnoll hits you with a +0 flail.
You die...

## ##
######.#.##
........#.#
#...# ##)##
#@#
$?....)gg#
.....#.....
##..
#...### ##
#.).# #>).#
..... #...#


You could see 2 gnolls.

Vanquished Creatures
  2 gnolls (D:2)
  A dart slug (D:1)
  5 ball pythons
  2 endoplasms (D:1)
  2 giant cockroaches (D:1)
  3 goblins
  4 hobgoblins (D:1)
  2 jackals (D:1)
  7 kobolds
  2 quokkas (D:1)
  2 bats (D:1)
  2 frilled lizards (D:1)
  3 rats (D:1)
37 creatures vanquished.

Vanquished Creatures (others)
  7 plants (D:1)
7 creatures vanquished.

Grand Total: 44 creatures vanquished

Notes
Turn   | Place    | Note
-------+----------+-------------------------------------------
     0 | D:1      | koil the Spriggan Hunter began the quest for the Orb.
     0 | D:1      | Reached XP level 1. HP: 10/10 MP: 2/2
   136 | D:1      | Reached XP level 2. HP: 15/15 MP: 2/4
   237 | D:1      | Reached skill level 1 in Spellcasting
   458 | D:1      | Found a faded altar of an unknown god.
   638 | D:1      | Reached XP level 3. HP: 9/18 MP: 5/5
  1014 | D:2      | Slain by a gnoll

Illustrated notes

Levels and vault maps discovered:
D:1:      dpeg_arrival_fog, layout_basic,
          dreamdust_ecumenical_altar_hidden_monk_grotto, serial_bayou,
          serial_bayou_pond_d, serial_bayou_lagoon_a, serial_bayou_shore_a,
          serial_bayou_pond_b, minmay_tripent
D:2:      layout_loops_ring

Skill      XL: |  1  2  3 |
---------------+----------+-----
Stealth        | 2 3 |  3.0
Dodging        | 3 |  3.4
Spellcasting   | 1 |  1.6
Fighting       | 2 |  2.0
Ranged Weapons | |  4.3

Action                   || total
-------------------------++-------
 Fire: Shortbow          ||    82
       Arbalest          ||    10
Armor: Robe              ||     6
Dodge: Dodged            ||    38

Table legend: (Time is in decaauts)
 A = Elapsed time spent in this place.
 B = Non-inter-level travel time spent in this place.
 C = Inter-level travel time spent in this place.
 D = Time resting spent in this place.
 E = Time spent auto-exploring this place.
 F = Levels seen in this place.
 G = Mean time per level.
                   A        B        C        D        E       F      G
               +--------+--------+--------+--------+--------+-----+--------+
         Total |    757 |    748 |      9 |      0 |    512 |   2 |  378.5 |
       Dungeon |    757 |    748 |      9 |      0 |    512 |   2 |  378.5 |
               +--------+--------+--------+--------+--------+-----+--------+

Top non-repeatable levels by time:
     D:1: 731 daAuts
     D:2: 25 daAuts
